 Dungeon Crawl Stone Soup version 0.26-a0-660-gc07710193c (webtiles) character file.

Game seed: 2869074949825096833

23261 robertstho the Cruncher (level 13, -5/98 HPs)
             Began as a Gnoll Ice Elementalist on Oct 5, 2020.
             Was a High Priest of Sif Muna.
             Slain by Rupert
             ... wielding a +0 great mace of draining
              (8 damage)
             ... on level 5 of the Lair of Beasts.
             The game lasted 00:33:15 (17427 turns).

robertstho the Cruncher (Gnoll Ice Elementalist)   Turns: 17427, Time: 00:33:16

Health: -5/98      AC:  3    Str: 10    XL:     13   Next: 5%
Magic:  9/26       EV: 19    Int: 23    God:    Sif Muna [*****.]
Gold:   778        SH:  0    Dex: 23    Spells: 15/30 levels left

rFire    . . .     SeeInvis .   z - +10 falchion of Iwirohae {flame, Dex+7}
rCold    . . .     Faith    .   (no shield)
rNeg     . . .     Spirit   .   a - +0 robe
rPois    +         Reflect  .   M - +0 hat {MR+}
rElec    .         Harm     .   K - +0 cloak
rCorr    .         Rampage  .   (no gloves)
MR       +....                  (no boots)
Stlth    ++++......             D - amulet of magic regeneration
HPRegen  0.26/turn              q - ring of poison resistance
MPRegen  0.45/turn              (no ring)

@: frozen ramparts, studying Staves, heavily drained
A: distributed training, fangs 1, strong nose
a: Channel Magic, Forget Spell, Divine Exegesis, Renounce Religion


You were on level 5 of the Lair of Beasts.
You worshipped Sif Muna.
Sif Muna was extremely pleased with you.
You visited 2 branches of the dungeon, and saw 15 of its levels.

You collected 1030 gold pieces.
You spent 252 gold pieces at shops.

Inventory:

Hand Weapons
 h - the +1 falchion of Prudence {vorpal, rElec Int+2}
   (You found it on level 10 of the Dungeon)

   It inflicts extra damage upon your enemies.
   It affects your intelligence (+2).
   It insulates you from electricity.
 y - the +7 war axe of Uncertain Death {protect, rC++}
   (You took it off an orc on level 4 of the Dungeon)

   It grants its wielder temporary protection when it strikes (+7 to AC).
   It greatly protects you from cold.
 z - the +10 falchion of Iwirohae (weapon) {flame, Dex+7}
   (You found it on level 5 of the Dungeon)

   It has been specially enchanted to burn those struck by it, causing extra
   injury to most foes and up to half again as much damage against particularly
   susceptible opponents.
   Big, fiery blades are also staple armaments of hydra-hunters.
   It affects your dexterity (+7).
Armour
 a - a +0 robe (worn)
 K - a +0 cloak (worn)
 M - a +0 hat of magic resistance (worn)
Magical Staves
 w - an uncursed staff of conjuration
Jewellery
 q - a ring of poison resistance (left hand)
 D - an amulet of magic regeneration (around neck)
 H - a +4 ring of slaying
Wands
 d - a wand of polymorph (19)
 p - a wand of paralysis (6)
 u - a wand of acid (11)
 A - a wand of flame (15)
 B - a wand of disintegration (14)
 G - a wand of iceblast (24)
Scrolls
 b - 2 scrolls of enchant weapon {unknown}
 i - 13 scrolls of remove curse {unknown}
 k - 3 scrolls of summoning {unknown}
 l - 7 scrolls of magic mapping {unknown}
 n - 2 scrolls of fog
 o - 5 scrolls of teleportation
 C - 4 scrolls of immolation
 E - 4 scrolls of amnesia
 F - 2 scrolls of identify
 J - 2 scrolls of fear
 N - a scroll of blinking {unknown}
Potions
 c - a potion of resistance
 e - 8 potions of curing
 f - a potion of might
 g - 4 potions of flight
 j - 3 potions of brilliance
 m - 2 potions of berserk rage
 r - 3 potions of stabbing
 s - 5 potions of lignification
 t - 3 potions of heal wounds
 v - 3 potions of magic
 x - a potion of ambrosia
 L - a potion of haste
Books
 I - a manual of Staves


   Skills:
 + Level 7.9(6.5) Fighting
 + Level 7.9(6.5) Short Blades
 + Level 7.9(6.5) Long Blades
 + Level 7.9(6.5) Axes
 + Level 7.9(6.5) Maces & Flails
 + Level 7.9(6.5) Polearms
 + Level 9.9(8.4) Staves
 + Level 7.9(6.5) Slings
 + Level 7.9(6.5) Bows
 + Level 7.9(6.5) Crossbows
 + Level 7.9(6.5) Throwing
 + Level 7.9(6.5) Armour
 + Level 9.2(7.7) Dodging
 + Level 9.0(7.6) Stealth
 + Level 7.9(6.5) Shields
 + Level 7.9(6.5) Unarmed Combat
 + Level 9.4(7.9) Spellcasting
 + Level 6.5(5.2) Conjurations
 + Level 6.5(5.2) Hexes
 + Level 6.5(5.2) Summonings
 + Level 6.5(5.2) Necromancy
 + Level 6.5(5.2) Translocations
 + Level 6.5(5.2) Transmutations
 + Level 6.5(5.2) Fire Magic
 + Level 9.7(8.3) Ice Magic
 + Level 6.5(5.2) Air Magic
 + Level 6.5(5.2) Earth Magic
 + Level 6.5(5.2) Poison Magic
 + Level 8.6(7.2) Invocations
 + Level 7.9(6.5) Evocations


You had 15 spell levels left.
You knew the following spells:

 Your Spells              Type           Power        Failure   Level
a - Freeze                Ice            ####         1%          1
b - Frozen Ramparts       Ice            #####.       1%          3
c - Ozocubu's Armour      Ice            #####...     1%          3
d - Hailstorm             Conj/Ice       #####...     4%          4
e - Summon Ice Beast      Ice/Summ       #####...     4%          4

Your spell library contained the following spells:

 Spells                   Type           Power        Failure   Level
 Animate Skeleton         Necr           ####..       1%          1
 Apportation              Tloc           ####..       1%          1
 Corona                   Hex            ####...      1%          1
 Summon Small Mammal      Summ           ####         1%          1
 Corpse Rot               Necr/Air       N/A          1%          2
 Wereblood                Tmut           ####....     1%          2
 Static Discharge         Conj/Air       ####....     2%          3
 Stone Arrow              Conj/Erth      ####..       2%          3
 Summon Forest            Summ/Tloc      ####......   22%         5
 Eringya's Noxious Bog    Tmut/Pois      ####......   77%         6
 Hydra Form               Tmut           ####......   77%         6
 Starburst                Conj/Fire      ####......   77%         6
 Orb of Destruction       Conj           ####......   100%        7
 Summon Hydra             Summ           ####......   100%        7


Dungeon Overview and Level Annotations

Branches:
Dungeon (10/15)            Temple (0/1) D:6            Lair (5/6) D:10
  Swamp (0/4) Lair:3        Snake (0/4) Lair:2          Orc (0/2) D:10
  Slime: Lair:5-6

Altars:
Cheibriados
Elyvilon
Fedhas
Gozag
Ru
Sif Muna
Xom

Shops:
D:4 [   D:7 !   D:10 [

Annotations:
D:4 armour shop
D:10 3 runed translucent doors, heikuro's ghost, journeyman FoAK; polo's ghost, novice DsFi
Lair:5 Rupert


Innate Abilities, Weirdness & Mutations

Your experience applies equally to all skills.
You have very sharp teeth.
Your uncanny sense of smell can sniff out nearby items.


Message History

Your ice beast hits Rupert but does no damage.
Your ice beast barely misses Rupert.
The wall freezes Rupert.
Rupert barely misses you.
Your ice beast hits Rupert but does no damage.
Your ice beast misses Rupert.
As you read the scroll of fear, it crumbles to dust.
You assume a fearsome visage.
Rupert barely misses you.
Your ice beast barely misses Rupert.
Your ice beast hits Rupert but does no damage.
Rupert completely misses you.
You riposte.
You barely miss Rupert.
Rupert is severely wounded.
Casting: Frozen Ramparts (safe; 1% risk of failure)
Confirm with . or Enter, or press ? or * to list all spells.
Okay, then.
Your ice beast hits Rupert.
Your ice beast freezes Rupert!
Rupert rages.
Rupert hits you with a +0 great mace of draining!!!
* * * LOW HITPOINT WARNING * * *
You feel drained.
You die...

##.......# ## #......##
#.##......# #........#
##.......## ### ∆
#.#.......#####.##
∆##........P...#...######
.#######......................#
..........YY.@@...............#
..............................#
..............................#
..............................#
.....#.##.........#.#..#.##..##
.....## ##.......#########...#
.......###....†.†#.# #####
.......#..........#
........#........##


You could see Rupert (berserk) and 2 friendly ice beasts.

Vanquished Creatures
  A hydra (D:10)
  5 death yaks (Lair:4)
  Maurice (D:10)
  2 black mambas
  4 komodo dragons
  5 cane toads
  2 rime drakes
  6 blink frogs
  A bog body (Lair:3)
  3 dream sheep
  Sigmund (D:2)
  A spriggan (Lair:2)
  2 wyverns
  12 yaks
  2 basilisks
  A steam dragon (Lair:3)
  3 nagas (Lair:2)
  2 swamp worms (Lair:3)
  7 water moccasins
  Purgy (D:3)
  3 ice beasts
  2 phantoms
  A hornet zombie (D:5)
  An eye of draining (D:10)
  2 sky beasts
  2 black bears
  An ogre (D:9)
  3 centaurs
  8 wolves
  2 big kobolds (D:9)
  10 bullfrogs
  A gnoll sergeant (D:8)
  A wyvern skeleton (D:7)
  3 scorpions
  4 killer bees (D:9)
  3 jellies
  3 hounds
  6 orc priests
  3 bullfrog skeletons
  3 centaur skeletons
  11 orc wizards
  An iguana (D:6)
  Natasha (thrice) (D:2)
  8 worker ants
  A killer bee zombie (D:8)
  Robin (D:3)
  2 worker ant zombies
  7 gnolls
  8 adders
  4 shadow imps
  3 ufetubi
  3 oozes
  An adder zombie (D:7)
  2 adder skeletons (D:8)
  A worm (D:6)
  2 dart slugs
  6 leopard geckos
  49 orcs
  3 giant cockroaches (D:1)
  14 goblins
  7 hobgoblins
  10 jackals
  3 quokkas
  9 bats
  7 frilled lizards
  A jackal skeleton (D:8)
  20 kobolds
  A quokka skeleton (D:5)
  A quokka zombie (D:5)
  8 rats
321 creatures vanquished.

Vanquished Creatures (collateral kills)
  Gastronok (Lair:3)
  A two-headed ogre (D:6)
  An oklob plant (Lair:4)
  2 cane toads
  A rime drake (Lair:2)
  2 komodo dragons
  4 blink frogs
  A bog body (Lair:3)
  6 dream sheep
  A wyvern (D:10)
  7 yaks
  4 basilisks (Lair:5)
  A water moccasin (Lair:4)
  An ice beast (D:5)
  A black bear (D:10)
  2 wolves (Lair:3)
  A killer bee (D:9)
  An electric eel (Lair:3)
  A nameless horror (Lair:5)
  An ooze (Lair:5)
40 creatures vanquished.

Vanquished Creatures (others)
  A dream sheep (Lair:5)
  21 fungi
  52 plants
74 creatures vanquished.

Grand Total: 435 creatures vanquished

Notes
Turn   | Place    | Note
-------+----------+-------------------------------------------
     0 | D:1      | robertstho the Gnoll Ice Elementalist began the quest for
                  | the Orb.
     0 | D:1      | Reached XP level 1. HP: 13/13 MP: 6/6
    63 | D:1      | Reached XP level 2. HP: 3/19 MP: 0/7
    88 | D:1      | HP: 1/20 [giant cockroach (1)]
   799 | D:1      | Reached XP level 3. HP: 25/25 MP: 7/9
   853 | D:1      | Reached skill level 5 in Spellcasting
  1236 | D:2      | Noticed Sigmund
  1243 | D:1      | Learned a level 3 spell: Frozen Ramparts
  1247 | D:1      | Learned a level 3 spell: Ozocubu's Armour
  1265 | D:2      | Reached skill level 1 in Invocations
  1378 | D:2      | Killed Sigmund
  1378 | D:2      | Reached skill level 1 in Fighting
  1378 | D:2      | Reached skill level 1 in Short Blades
  1378 | D:2      | Reached skill level 1 in Long Blades
  1378 | D:2      | Reached skill level 1 in Axes
  1378 | D:2      | Reached skill level 1 in Maces & Flails
  1378 | D:2      | Reached skill level 1 in Polearms
  1378 | D:2      | Reached skill level 1 in Staves
  1378 | D:2      | Reached skill level 1 in Slings
  1378 | D:2      | Reached skill level 1 in Bows
  1378 | D:2      | Reached skill level 1 in Crossbows
  1378 | D:2      | Reached skill level 1 in Throwing
  1378 | D:2      | Reached skill level 1 in Armour
  1378 | D:2      | Reached skill level 1 in Shields
  1378 | D:2      | Reached skill level 1 in Unarmed Combat
  1378 | D:2      | Reached skill level 1 in Conjurations
  1378 | D:2      | Reached skill level 1 in Hexes
  1378 | D:2      | Reached skill level 1 in Summonings
  1378 | D:2      | Reached skill level 1 in Necromancy
  1378 | D:2      | Reached skill level 1 in Translocations
  1378 | D:2      | Reached skill level 1 in Transmutations
  1378 | D:2      | Reached skill level 1 in Fire Magic
  1378 | D:2      | Reached skill level 1 in Air Magic
  1378 | D:2      | Reached skill level 1 in Earth Magic
  1378 | D:2      | Reached skill level 1 in Poison Magic
  1378 | D:2      | Reached skill level 1 in Evocations
  1378 | D:2      | Reached XP level 4. HP: 19/32 MP: 7/11
  1378 | D:2      | Reached XP level 5. HP: 22/37 MP: 7/12
  1776 | D:2      | Found a snail-covered altar of Cheibriados.
  1776 | D:2      | Found an opulent altar of Gozag.
  1796 | D:2      | Noticed Natasha
  1809 | D:2      | Killed Natasha
  1809 | D:2      | Reached XP level 6. HP: 27/44 MP: 10/13
  2067 | D:2      | Noticed Natasha
  2073 | D:2      | Killed Natasha
  2093 | D:2      | Noticed Natasha
  2099 | D:2      | Killed Natasha
  2099 | D:2      | Reached skill level 5 in Dodging
  2668 | D:3      | Noticed Robin
  2685 | D:3      | Killed Robin
  2693 | D:3      | Noticed a sky beast
  2700 | D:3      | Killed a sky beast
  2700 | D:3      | Reached XP level 7. HP: 34/51 MP: 4/15
  3107 | D:3      | Noticed Purgy
  3126 | D:3      | Killed Purgy
  3126 | D:3      | Reached skill level 5 in Stealth
  3394 | D:3      | Learned a level 4 spell: Hailstorm
  3399 | D:3      | Learned a level 4 spell: Summon Ice Beast
  3668 | D:4      | Found a shimmering blue altar of Sif Muna.
  3701 | D:4      | Became a worshipper of Sif Muna the Loreminder
  3954 | D:4      | Found a sacrificial altar of Ru.
  3990 | D:4      | Identified the +7 war axe of Uncertain Death {protect,
                  | rC++}
  4292 | D:4      | Found Cypn's Armour Boutique.
  4450 | D:5      | Entered Level 5 of the Dungeon
  4458 | D:5      | Reached XP level 8. HP: 57/57 MP: 12/16
  4467 | D:5      | Got a warped falchion
  4467 | D:5      | Identified the +10 falchion of Iwirohae {flame, Dex+7} (You
                  | found it on level 5 of the Dungeon)
  5556 | D:6      | Noticed a two-headed ogre
  6078 | D:6      | Reached * piety under Sif Muna
  6103 | D:6      | Found a staircase to the Ecumenical Temple.
  6212 | D:6      | Killed a two-headed ogre
  6212 | D:6      | Reached XP level 9. HP: 44/65 MP: 7/18
  6963 | D:7      | Found Finkuts's Distillery.
  6968 | D:7      | Bought a potion of resistance for 120 gold pieces
  6968 | D:7      | Bought a potion of invisibility for 96 gold pieces
  6968 | D:7      | Bought a potion of curing for 36 gold pieces
  6995 | D:7      | Found a shimmering altar of Xom.
  7441 | D:7      | Found a blossoming altar of Fedhas.
  8071 | D:8      | Reached skill level 5 in Invocations
  8074 | D:8      | Reached ** piety under Sif Muna
  8600 | D:8      | Reached skill level 5 in Staves
  8600 | D:8      | Reached XP level 10. HP: 73/73 MP: 18/20
  9060 | D:9      | Reached skill level 5 in Fighting
  9060 | D:9      | Reached skill level 5 in Short Blades
  9060 | D:9      | Reached skill level 5 in Long Blades
  9060 | D:9      | Reached skill level 5 in Axes
  9060 | D:9      | Reached skill level 5 in Maces & Flails
  9060 | D:9      | Reached skill level 5 in Polearms
  9060 | D:9      | Reached skill level 5 in Slings
  9060 | D:9      | Reached skill level 5 in Bows
  9060 | D:9      | Reached skill level 5 in Crossbows
  9060 | D:9      | Reached skill level 5 in Throwing
  9060 | D:9      | Reached skill level 5 in Armour
  9060 | D:9      | Reached skill level 5 in Shields
  9060 | D:9      | Reached skill level 5 in Unarmed Combat
  9060 | D:9      | Reached skill level 5 in Evocations
  9274 | D:9      | Reached *** piety under Sif Muna
  9339 | D:9      | Found a white marble altar of Elyvilon.
  9959 | D:9      | Found a blossoming altar of Fedhas.
 10096 | D:10     | Entered Level 10 of the Dungeon
 10159 | D:10     | Found a runed translucent gate.
 10159 | D:10     | Found a runed translucent gate.
 10159 | D:10     | Found a runed translucent gate.
 10159 | D:10     | Noticed polo's ghost (novice DsFi)
 10198 | D:10     | Noticed Maurice
 10606 | D:10     | Found Toid's Armour Shoppe.
 10612 | D:10     | Got a transparent falchion
 10728 | D:10     | Found a staircase to the Lair.
 10827 | D:10     | Found a staircase to the Orcish Mines.
 11149 | D:10     | Killed Maurice
 11149 | D:10     | Reached XP level 11. HP: 69/81 MP: 9/22
 11207 | D:10     | Noticed a seven-headed hydra
 11230 | D:10     | Killed a seven-headed hydra
 11243 | D:10     | Noticed heikuro's ghost (journeyman FoAK)
 11352 | Lair:1   | Entered Level 1 of the Lair of Beasts
 11409 | Lair:1   | Reached skill level 5 in Conjurations
 11409 | Lair:1   | Reached skill level 5 in Hexes
 11409 | Lair:1   | Reached skill level 5 in Summonings
 11409 | Lair:1   | Reached skill level 5 in Necromancy
 11409 | Lair:1   | Reached skill level 5 in Translocations
 11409 | Lair:1   | Reached skill level 5 in Transmutations
 11409 | Lair:1   | Reached skill level 5 in Fire Magic
 11409 | Lair:1   | Reached skill level 5 in Air Magic
 11409 | Lair:1   | Reached skill level 5 in Earth Magic
 11409 | Lair:1   | Reached skill level 5 in Poison Magic
 12009 | Lair:1   | Noticed a seven-headed hydra
 12009 | Lair:1   | You fall into a shaft and drop 1 floor!
 12036 | Lair:2   | Reached **** piety under Sif Muna
 12533 | Lair:2   | Found a staircase to the Snake Pit.
 13674 | Lair:3   | Reached XP level 12. HP: 65/89 MP: 24/24
 14270 | Lair:3   | Noticed Gastronok
 14283 | Lair:3   | Killed Gastronok
 14300 | Lair:3   | Identified the +1 falchion of Prudence {vorpal, rElec
                  | Int+2} (You found it on level 10 of the Dungeon)
 14976 | Lair:3   | Found a staircase to the Swamp.
 15429 | Lair:4   | Found a sacrificial altar of Ru.
 15558 | Lair:4   | Noticed a death yak
 15560 | Lair:4   | Noticed a death yak
 15561 | Lair:4   | Noticed a death yak
 15563 | Lair:4   | Noticed a death yak
 15563 | Lair:4   | Noticed a death yak
 15570 | Lair:4   | Killed a death yak
 15592 | Lair:4   | Killed a death yak
 15593 | Lair:4   | Killed a death yak
 15593 | Lair:4   | Killed a death yak
 15598 | Lair:4   | Killed a death yak
 16996 | Lair:5   | Reached XP level 13. HP: 67/98 MP: 11/26
 17003 | Lair:5   | Reached ***** piety under Sif Muna
 17095 | Lair:5   | Identified Dykira's Incunabulum of Transmutation and
                  | Conjuration (Sif Muna gifted it to you on level 5 of the
                  | Lair of Beasts)
 17095 | Lair:5   | Received a gift from Sif Muna
 17404 | Lair:5   | Noticed Rupert
 17427 | Lair:5   | HP: 3/98 [Rupert/+0 great mace of draining (40)]
 17427 | Lair:5   | Slain by Rupert

Illustrated notes

Levels and vault maps discovered:
D:1:      lightli_arrival_farm, layout_rooms, nrook_loot_triangle
D:2:      layout_rooms, gammafunk_temple_overflow_elements,
          grunt_decor_mini_mirrors, grunt_decor_fettered, uniq_sigmund,
          uniq_natasha
D:3:      layout_rooms, uniq_purgy, uniq_robin
D:4:      layout_loops_ring, lemuel_round_altar, nicolae_overflow_hidden_temple,
          serial_shops, nicolae_shop_stone
D:5:      layout_basic
D:6:      layout_layer_cave, minmay_temple_entry_ruins
D:7:      layout_cave_pods, nicolae_overflow_crystal_walls, serial_shops, shop,
          xom_teletrap_fun
D:8:      layout_loops_corners, minmay_manual_mares
D:9:      layout_loops_corners, elyvilon_altar_3, fedhas_altar_fruit_tree
D:10:     layout_basic, david_lair_generic, orc_0_dummy, serial_shops, shop,
          gammafunk_ghost_cemetery, uniq_maurice
Lair:1:   layout_cave_shapes, serial_bayou_shore_b, minmay_lair_oklob_chamber
Lair:2:   layout_long_grid, guppyfry_snake_entry_garden,
          grunt_forest_large_clearing_hut
Lair:3:   layout_regular_city, nicolae_swamp_entry_splash_gauntlet,
          uniq_gastronok
Lair:4:   layout_cave_pods, lemuel_oklob_altar, grunt_megastairs_4
Lair:5:   layout_hall_layers, nicolae_slime_entry_slimehenge,
          ebering_ghost_reflecting_pool, serial_bayou_pond_d,
          kennysheep_basilisk_garden, infiniplex_staircase_pool_2, uniq_rupert

Skill      XL: |  1  2  3  4  5  6  7  8  9 10 11 12 13 |
---------------+----------------------------------------+-----
Spellcasting   | 5 6 7 8 9 |  9.4
Invocations    | 1 2 3 4 5 6 7 8 |  8.6
Fighting       | 1 2 4 5 6 7 |  7.9
Short Blades   | 1 2 4 5 6 7 |  7.9
Long Blades    | 1 2 4 5 6 7 |  7.9
Axes           | 1 2 4 5 6 7 |  7.9
Maces & Flails | 1 2 4 5 6 7 |  7.9
Polearms       | 1 2 4 5 6 7 |  7.9
Staves         | 1 2 4 5 6 8 9 |  9.9
Slings         | 1 2 4 5 6 7 |  7.9
Bows           | 1 2 4 5 6 7 |  7.9
Crossbows      | 1 2 4 5 6 7 |  7.9
Throwing       | 1 2 4 5 6 7 |  7.9
Armour         | 1 2 4 5 6 7 |  7.9
Shields        | 1 2 4 5 6 7 |  7.9
Unarmed Combat | 1 2 4 5 6 7 |  7.9
Conjurations   | 1 2 3 4 5 6 |  6.5
Hexes          | 1 2 3 4 5 6 |  6.5
Summonings     | 1 2 3 4 5 6 |  6.5
Necromancy     | 1 2 3 4 5 6 |  6.5
Translocations | 1 2 3 4 5 6 |  6.5
Transmutations | 1 2 3 4 5 6 |  6.5
Fire Magic     | 1 2 3 4 5 6 |  6.5
Air Magic      | 1 2 3 4 5 6 |  6.5
Earth Magic    | 1 2 3 4 5 6 |  6.5
Poison Magic   | 1 2 3 4 5 6 |  6.5
Evocations     | 1 2 4 5 6 7 |  7.9
Dodging        | 5 6 7 8 9 |  9.2
Stealth        | 5 6 7 8 9 |  9.0
Ice Magic      | 8 9 |  9.7

Action                   |  1- 3 |  4- 6 |  7- 9 | 10-12 | 13-15 || total
-------------------------+-------+-------+-------+-------+-------++-------
Melee: Unarmed           |     3 |       |       |       |       ||     3
       Dagger            |    19 |       |       |       |       ||    19
       Bite              |     2 |     1 |    14 |    30 |     2 ||    49
       Hand axe          |    14 |     2 |       |       |       ||    16
       Staff             |       |     6 |     4 |       |       ||    10
       War axe           |       |       |     1 |       |       ||     1
       Falchion          |       |       |    73 |   177 |     3 ||   253
       Punch             |       |       |     3 |     8 |       ||    11
 Cast: Freeze            |    24 |     4 |     5 |       |       ||    33
       Frozen Ramparts   |     3 |    21 |    52 |    66 |     6 ||   148
       Summon Ice Beast  |       |       |    11 |    85 |    10 ||   106
       Hailstorm         |       |       |       |     3 |       ||     3
Invok: Channel Magic     |       |       |       |     1 |       ||     1
  Use: Potion            |     1 |       |       |     3 |       ||     4
       Scroll            |       |       |    12 |     8 |     1 ||    21
 Stab: Sleeping          |     1 |       |     7 |     6 |       ||    14
       Distracted        |       |       |       |     3 |       ||     3
Armor: Robe              |    35 |     2 |     9 |    20 |       ||    66
Dodge: Dodged            |    94 |    16 |    97 |   174 |    10 ||   391
       Rpst.: Falchion   |       |       |    18 |    39 |     3 ||    60

Table legend: (Time is in decaauts)
 A = Elapsed time spent in this place.
 B = Non-inter-level travel time spent in this place.
 C = Inter-level travel time spent in this place.
 D = Time resting spent in this place.
 E = Time spent auto-exploring this place.
 F = Levels seen in this place.
 G = Mean time per level.
                   A        B        C        D        E       F      G
               +--------+--------+--------+--------+--------+-----+--------+
         Total |  17462 |  17193 |    269 |   1466 |  12996 |  15 | 1164.1 |
       Dungeon |  11380 |  11153 |    227 |   1196 |   8083 |  10 | 1138.0 |
          Lair |   6082 |   6040 |     42 |    270 |   4912 |   5 | 1216.4 |
               +--------+--------+--------+--------+--------+-----+--------+

Top non-repeatable levels by time:
  Lair:4: 1667 daAuts
  Lair:2: 1641 daAuts
  Lair:3: 1376 daAuts
     D:6: 1315 daAuts
     D:1: 1262 daAuts
    D:10: 1257 daAuts
     D:9: 1221 daAuts
     D:2: 1178 daAuts
     D:5: 1167 daAuts
     D:4: 1024 daAuts
     D:3: 1003 daAuts
     D:8: 993 daAuts
     D:7: 955 daAuts
  Lair:5: 735 daAuts
  Lair:1: 661 daAuts
